 Dungeon Crawl Stone Soup version 0.31-a0-426-g3a05650e59 (webtiles) character file.

Game seed: 13657620980954536538

51 shadowstone the Conjurer (level 3, -2/16 (18) HPs)
             Began as a Vine Stalker Reaver on July 30, 2023.
             Slain by Sigmund
             ... wielding a +1 scythe of pain
              (3 damage)
             ... on level 2 of the Dungeon.
             The game lasted 00:04:31 (4017 turns).

shadowstone the Conjurer (Vine Stalker Reaver)      Turns: 4017, Time: 00:04:32

HP:   -2/16 (18)    AC:  3    Str: 16    XL:     3   Next: 83%
MP:   0/7           EV: 11    Int: 13    God:
Gold: 72            SH:  0    Dex: 12    Spells: 5/6 levels left

rFire   . . .        a - +0 falchion
rCold   . . .        (no shield)
rNeg    . . .        b - +0 leather armour
rPois   .            (helmet currently unavailable)
rElec   .            (cloak currently unavailable)
rCorr   .            k - melded +0 pair of gloves
SInv    .            (boots currently unavailable)
Will    .....        (no amulet)
Stlth   +            (no ring)
HPRegen 0.22/turn    (no ring)
MPRegen 0.10/turn

%: guardian spirit
@: beast-form, heavily drained
A: beast (slay +0), fangs 2, magic shield, antimagic bite, no potion heal 2
a: Begin Untransformation


You were on level 2 of the Dungeon.
You were a hulking beast.
You visited 1 branch of the dungeon, and saw 2 of its levels.

You collected 72 gold pieces.

Inventory:

Hand Weapons
 a - a +0 falchion (weapon)
Armour
 b - a +0 leather armour (worn)
 k - a +0 pair of gloves (melded)
Jewellery
 m - a ring of protection from cold
Talismans
 l - a beast talisman (active)
Scrolls
 i - a scroll of teleportation {unknown}
Potions
 c - a potion of curing {unknown}
 d - a potion of invisibility {unknown}
 e - 2 potions of mutation {unknown}
 f - 2 potions of heal wounds {unknown}
 g - a potion of attraction {unknown}
 h - a potion of berserk rage {unknown}
 j - a potion of lignification {unknown}


   Skills:
 + Level 2.0 Fighting
 + Level 3.2 Long Blades
 + Level 1.2 Armour
 + Level 1.9 Dodging
 + Level 0.2 Stealth
 + Level 2.2 Spellcasting
 + Level 3.2 Conjurations


You had 5 spell levels left.
You knew the following spells:

 Your Spells              Type           Power      Damage    Failure   Level
a - Kiss of Death         Conj/Necr      20%        2d7       16%         1

Your spell library contained the following spells:

 Spells                   Type           Power      Damage    Failure   Level
 Momentum Strike          Conj/Tloc      10%        3d8       24%         2
 Hailstorm                Conj/Ice       5%         3d4       43%         3


Dungeon Overview and Level Annotations

Branches:
Dungeon (2/15)

Altars:
Makhleb

Annotations:
D:2 Sigmund


Innate Abilities, Weirdness & Mutations

You are a hulking beast.
Your limbs bulge with bestial killing power. (Slay +0)
You have extremely sharp teeth.
When hurt, damage is shared between your health and your magic reserves.
Your bite disrupts and absorbs the magic of your enemies.
Potions cannot restore your health.


Message History

Magic restored.
You start resting.
HP restored.
Found a beast talisman.
A hobgoblin comes into view.
The hobgoblin shouts!
You see here a beast talisman.
l - a beast talisman The hobgoblin hits you.
The hobgoblin closely misses you.
You hit the hobgoblin.
The hobgoblin is almost dead.
The hobgoblin hits you.
You closely miss the hobgoblin. Your bite misses the hobgoblin.
The hobgoblin is almost dead.
The hobgoblin hits you.
You slash the hobgoblin!
You kill the hobgoblin!
You start resting.
Magic restored.
You begin transforming.
You continue transforming. x3
HP restored.
You turn into a hulking beast.
Your +0 pair of gloves melds into your body.
Found a stone staircase leading down.
Found a stone staircase leading up.
Found a robe.
m - a ring of protection from cold Sigmund the Dreaded comes into view.
He is wielding a +1 scythe of pain.
Sigmund shouts!
Sigmund casts a spell.
Sigmund flickers and vanishes!
Deactivating autopickup; reactivate with Ctrl-A.
Something hits you! Something hits you.
You hit something. Your bite misses something. Something hits you!
* * * LOW HITPOINT WARNING * * *
You hit something. Your bite misses something. You hit something.
Your bite misses something. Something hits you.
You die...

###.#.####.###.#
#.#.# #.# #
#.#.# ##.#
###.#.# #..#
#.....# #.##
#.#.### #.#
#.#.# #.#
#.#.#####.####.#
#.#.......h{...#
#.#######.######
#.# #.# #.# #.#
#.# #.# #.# #.#
#.# ..#


There were no monsters in sight!

Vanquished Creatures
  3 dart slugs
  An orc (D:2)
  4 ball pythons
  4 endoplasms
  3 giant cockroaches
  6 hobgoblins
  2 kobolds (D:1)
  3 quokkas
  3 bats (D:1)
  7 frilled lizards (D:1)
  2 goblins (D:1)
  3 rats (D:1)
41 creatures vanquished.

Notes
Turn   | Place    | Note
-------+----------+-------------------------------------------
     0 | D:1      | shadowstone the Vine Stalker Reaver began the quest for the
                  | Orb.
     0 | D:1      | Reached XP level 1. HP: 11/11 MP: 4/4
   202 | D:1      | Reached XP level 2. HP: 5/14 MP: 3/6
   537 | D:1      | Reached XP level 3. HP: 12/12 MP: 7/7
  3478 | D:1      | Reached skill level 1 in Armour
  3757 | D:2      | Found a burning altar of Makhleb.
  4010 | D:2      | Noticed Sigmund
  4017 | D:2      | Slain by Sigmund

Illustrated notes

Levels and vault maps discovered:
D:1:      minmay_arrival_jagged, layout_basic, minmay_lizard_king
D:2:      layout_loops_ring, basic_altar, uniq_sigmund

Skill      XL: |  1  2  3 |
---------------+----------+-----
Long Blades    | 3 |  3.2
Armour         | 1 |  1.2
Fighting       | 2 |  2.0
Dodging        | |  1.9
Stealth        | |  0.2
Spellcasting   | |  2.2
Conjurations   | |  3.2

Action                     || total
---------------------------++-------
  Melee: Falchion          ||   114
         Bite              ||    22
         Punch             ||     2
   Cast: Kiss of Death     ||     3
 Armour: Leather armour    ||    30
  Dodge: Dodged            ||    91
   Form: Beast             ||     1

Table legend: (Time is in decaauts)
 A = Elapsed time spent in this place.
 B = Non-inter-level travel time spent in this place.
 C = Inter-level travel time spent in this place.
 D = Time resting spent in this place.
 E = Time spent auto-exploring this place.
 F = Levels seen in this place.
 G = Mean time per level.
                   A        B        C        D        E       F      G
               +--------+--------+--------+--------+--------+-----+--------+
         Total |   4033 |   4029 |      4 |   2994 |    297 |   2 | 2016.5 |
       Dungeon |   4033 |   4029 |      4 |   2994 |    297 |   2 | 2016.5 |
               +--------+--------+--------+--------+--------+-----+--------+

Top non-repeatable levels by time:
     D:1: 3681 daAuts
     D:2: 351 daAuts
